Map: [TLMC20] Magannatha

Players

Vindicta - Winner!

  • Race: Terran Terran
  • League: Master
  • Spawn Location: 5:00

Cham

  • Race: Zerg Zerg
  • Spawn Location: 11:00

VOD

Have the link to the VOD?

Description

Time

  • Played on: April 28, 2025, 7:47 p.m.
  • Length: 8:22
Show
View Real Time Build Order
Export as new Build Order

Vindicta Terran - Winner!

Build Orders: Reaper Expand, Hellion Banshee 

Get SALT Encoding   

  12  0:00  SCV  
  13  0:12  SCV  
  14  0:17  Supply Depot  
  14  0:24  SCV  
  15  0:38  SCV  
  15  0:40  Barracks  
  16  0:43  Refinery  
  16  0:50  SCV  
  17  1:03  SCV  
  18  1:15  SCV  
  19  1:27  Orbital Command, Reaper  
  20  1:41  Command Center  
  20  1:50  Supply Depot  
  20  1:53  SCV  
  21  1:59  Marine  
  22  2:05  SCV  
  23  2:10  Factory  
  23  2:17  SCV  
  23  2:20  Barracks Reactor  
  24  2:29  SCV  
  25  2:41  SCV  
  25  2:43  Command Center  
  26  2:53  SCV  
  26  2:55  Orbital Command  
  27  3:04  Starport  
  27  3:05  SCV  
  27  3:11  Refinery  
  28  3:13  Barracks Tech Lab  
  28  3:18  SCV  
  29  3:20  SCV  
  29  3:27  Hellion x2  
  34  3:30  SCV  
  34  3:33  SCV  
  36  3:42  SCV  
  36  3:45  SCV  
  36  3:48  Hellion x2  
  42  3:49  Banshee  
  42  3:54  SCV  
  42  3:55  Orbital Command  
  46  3:57  SCV  
  46  3:59  Cloaking Field  
  47  4:03  Barracks Tech Lab  
  47  4:06  SCV  
  47  4:09  Hellion  
  50  4:10  Hellion  
  50  4:11  SCV  
  52  4:18  SCV  
  52  4:22  SCV  
  52  4:23  SCV  
  51  4:26  Supply Depot  
  51  4:30  SCV  
  52  4:34  Banshee, SCV  
  52  4:37  Hellion  
  52  4:38  Hellion  
  60  4:39  SCV  
  60  4:42  Stimpack  
  60  4:43  Supply Depot  
  61  4:46  Orbital Command  
  61  4:47  SCV  
  61  4:51  SCV  
  63  4:56  Engineering Bay  
  63  4:58  Engineering Bay  
  64  5:00  SCV  
  64  5:03  Barracks, SCV  
  65  5:08  Barracks, Refinery  
  65  5:09  Factory Reactor  
  65  5:10  Refinery  
  65  5:12  SCV, Marine  
  67  5:15  SCV x2  
  67  5:18  Supply Depot  
  69  5:24  SCV  
  69  5:25  Terran Infantry Weapons Level 1  
  69  5:26  Starport Reactor  
  69  5:27  SCV x2  
  72  5:29  Bunker  
  72  5:31  Supply Depot, Marine  
  73  5:36  SCV  
  73  5:37  Terran Infantry Armor Level 1  
  73  5:39  SCV x2  
  73  5:42  Supply Depot  
  76  5:48  SCV  
  76  5:49  Marine  
  78  5:50  Marine x2  
  78  5:51  SCV x2  
  78  5:55  Barracks  
  82  5:57  Barracks  
  82  6:00  SCV  
  82  6:03  SCV x2, Marine x2  
  87  6:07  Siege Tank  
  87  6:10  Marine  
  93  6:11  Medivac x2  
  93  6:12  SCV  
  93  6:15  Barracks x2  
  93  6:16  Barracks  
  93  6:17  Supply Depot  
  98  6:20  Missile Turret  
  98  6:22  Missile Turret  
  98  6:23  Marine  
  98  6:24  Missile Turret, Marine  
  98  6:25  Combat Shield  
  98  6:30  Missile Turret, SCV x2  
  98  6:31  Marine  
  101  6:38  Armory  
  101  6:39  Missile Turret  
  102  6:41  Marine x2  
  102  6:42  Marine  
  106  6:47  Barracks Reactor x2  
  106  6:48  Siege Tank  
  106  6:50  Marine  
  109  6:56  Medivac  
  109  6:58  Medivac  
  109  6:59  Marine  
  109  7:01  Marine x3  
  114  7:06  Marine  
  114  7:07  Supply Depot x2  
  117  7:10  Supply Depot  
  117  7:14  Marine x3  
  120  7:16  Supply Depot  
  120  7:17  Marine  
  120  7:19  Marine x3  
  120  7:22  SCV  
  125  7:28  Marine x5  
  125  7:29  SCV x2  
  132  7:30  Siege Tank  
  132  7:32  Marine  
  132  7:34  Marine x2  
  132  7:36  Marine  
  135  7:37  Marine  
  135  7:38  Marine x2  
  128  7:46  Marine x4  
  128  7:50  Marine  
  127  7:51  Medivac  
  127  7:52  Medivac, Marine  
  131  7:58  Marine x2  
  131  7:59  Marine  
  131  8:03  Marine x2  
  131  8:04  Marine x2  
  138  8:17  Supply Depot  
Show
View Real Time Build Order
Export as new Build Order

Cham Zerg 

Build Orders: Hatch First 

Get SALT Encoding   

  12  0:00  Drone  
  13  0:13  Overlord  
  13  0:17  Drone  
  14  0:31  Drone x2  
  16  0:48  Hatchery  
  15  0:50  Drone  
  15  0:54  Drone  
  17  0:57  Drone  
  18  1:11  Spawning Pool  
  17  1:13  Extractor  
  17  1:15  Drone  
  17  1:19  Drone  
  18  1:29  Drone  
  19  1:39  Drone  
  20  1:50  Drone  
  21  2:01  Queen x2  
  23  2:03  Zergling x4  
  27  2:12  Drone  
  27  2:15  Overlord  
  27  2:30  Hatchery  
  27  2:32  Drone  
  27  2:33  Drone x2  
  27  2:35  Drone  
  30  2:43  Queen  
  32  2:45  Drone  
  32  2:50  Overlord  
  33  2:57  Drone x2  
  35  3:06  Overlord  
  35  3:11  Drone  
  35  3:12  Drone x5  
  41  3:15  Metabolic Boost  
  41  3:18  Overlord  
  41  3:26  Queen  
  43  3:31  Drone  
  44  3:35  Queen  
  46  3:42  Overlord  
  46  3:43  Drone x2  
  46  3:44  Drone x2  
  46  3:45  Drone  
  51  3:50  Queen  
  51  3:53  Drone  
  51  3:54  Drone  
  55  3:57  Overlord  
  55  4:00  Drone  
  55  4:01  Drone  
  57  4:05  Drone x2  
  59  4:10  Overlord  
  59  4:13  Zergling x2  
  59  4:16  Drone, Zergling x2  
  60  4:21  Drone x2  
  60  4:22  Drone  
  60  4:23  Drone  
  62  4:24  Lair  
  62  4:26  Overlord  
  62  4:27  Drone  
  62  4:28  Extractor  
  62  4:31  Drone  
  62  4:35  Drone  
  62  4:37  Drone  
  65  4:39  Queen  
  65  4:40  Overlord  
  67  4:46  Zergling x2  
  67  4:47  Zergling x2  
  67  4:48  Zergling x2, Overlord x2  
  67  4:52  Drone  
  71  4:53  Drone x2  
  71  4:55  Spore Crawler  
  71  4:57  Spore Crawler  
  71  4:58  Spore Crawler  
  71  4:59  Drone  
  71  5:01  Drone x2  
  71  5:03  Drone  
  71  5:05  Drone  
  71  5:06  Drone x2  
  77  5:12  Extractor  
  77  5:13  Extractor  
  77  5:14  Extractor  
  74  5:15  Drone  
  74  5:16  Extractor, Overlord  
  74  5:18  Drone  
  75  5:23  Drone x3  
  75  5:27  Hatchery  
  77  5:29  Drone x4  
  77  5:34  Drone  
  82  5:36  Spire  
  82  5:41  Drone x2, Baneling Nest  
  82  5:42  Drone  
  83  5:43  Drone  
  83  5:45  Drone x2  
  83  5:46  Overseer  
  86  5:56  Drone  
  86  6:03  Drone x2  
  86  6:05  Zergling x10  
  86  6:06  Zergling x6  
  94  6:12  Overlord x2  
  94  6:13  Overseer  
  94  6:16  Overlord  
  94  6:18  Drone  
  94  6:19  Drone  
  94  6:22  Drone x2, Evolution Chamber  
  94  6:24  Evolution Chamber  
  94  6:25  Drone x3  
  99  6:30  Drone x3  
  99  6:31  Drone  
  103  6:39  Overlord  
  103  6:44  Drone x5  
  103  6:46  Extractor  
  107  6:48  Centrifugal Hooks, Extractor  
  107  6:52  Hatchery  
  105  6:55  Drone x4  
  105  6:56  Drone  
  105  6:59  Spore Crawler  
  105  7:01  Overlord  
  109  7:03  Baneling x7  
  109  7:04  Baneling x2  
  109  7:10  Mutalisk x3  
  115  7:16  Mutalisk x3  
  115  7:20  Mutalisk x2  
  115  7:22  Zergling x4  
  127  7:26  Zergling x8  
  127  7:28  Baneling x6  
  127  7:29  Baneling  
  131  7:37  Zergling x18  
  131  7:50  Mutalisk x5  
  130  7:51  Zergling x2  
  130  7:52  Zergling x4  
  130  7:57  Mutalisk  
  134  8:01  Zergling x2  
  134  8:02  Zergling x4  
Tags
 
Add a new tag
Caveats
  • Supply blocks, unpowered buildings, or Contaminate may cause inaccurate times.
  • Supply counts are checked every 10 seconds.